 Dungeon Crawl Stone Soup version 0.23-b1-58-ge3fafae (webtiles) character file.

Game seed: 3948533372884429697

464456 poirepourri the Hoplite (level 23, -17/223 HPs)
             Began as a Minotaur Fighter on Feb 4, 2019.
             Was the Champion of Okawaru.
             Killed from afar by an ancient lich (38 damage)
             ... with a lance of force
             ... on level 5 of the Vaults.
             The game lasted 01:24:30 (50157 turns).

poirepourri the Hoplite (Minotaur Fighter)         Turns: 50157, Time: 01:24:30

Health: -17/223    AC: 36    Str: 24    XL:     23   Next: 42%
Magic:  33/33      EV: 19    Int:  5    God:    Okawaru [******]
Gold:   1324       SH: 23    Dex: 23    Spells: 22/22 levels left

rFire    + + +     SeeInvis .   a - +9 war axe (vamp)
rCold    + + +     Gourm    .   c - +5 shield
rNeg     + + .     Faith    .   W - +10 chain mail "Faeguret" {rC+ rN+ Regen+ Dex+2}
rPois    +         Spirit   .   C - +2 hat {MR+}
rElec    +         Reflect  .   p - +2 cloak
rCorr    +         Harm     .   J - +3 pair of gloves of Xohecw {rN+}
MR       +++..                  M - +2 pair of boots
Stlth    ..........             U - amulet of regeneration
HPRegen  1.27/turn              T - ring "Pejipnotee" {rElec rF+++ MR+ AC+1 Stlth-}
MPRegen  0.23/turn              A - ring of Henotheism {rC+ Dex+4}

@: about to teleport, resistant, lightly drained
A: retaliatory headbutt, horns 2
}: 2/15 runes: barnacled, gossamer
a: Heroism, Finesse, Renounce Religion


You were on level 5 of the Vaults.
You worshipped Okawaru.
Okawaru was exalted by your worship.
You were not hungry.

You visited 9 branches of the dungeon, and saw 43 of its levels.
You visited the Abyss 1 time.
You also visited: Bailey.

You collected 5408 gold pieces.
You spent 4084 gold pieces at shops.

Inventory:

Hand Weapons
 a - a +9 vampiric war axe (weapon)
 b - a +2 war axe of flaming
 E - the +7 hand crossbow of Sulphur {elec, Stlth+}
   (You found it on level 3 of the Elven Halls)

   It charges the ammunition it shoots with electricity; occasionally upon a
   hit, such missiles may discharge and cause terrible harm.
   It makes you more stealthy.
Missiles
 e - 68 javelins
 h - 1006 bolts
 o - 31 poisoned javelins
 I - 20 throwing nets (quivered)
Armour
 c - a +5 shield (worn)
 p - a +2 cloak (worn)
 x - a scarf of cloud immunity
 z - a +2 pair of boots of flying
 C - a +2 hat of magic resistance (worn)
 J - the +3 pair of gloves of Xohecw (worn) {rN+}
   (Okawaru gifted it to you on level 2 of the Vaults)

   It protects you from negative energy.
 M - a +2 pair of boots (worn)
 W - the +10 chain mail "Faeguret" (worn) {rC+ rN+ Regen+ Dex+2}
   (You bought it in a shop on level 1 of the Depths)

   It affects your dexterity (+2).
   It protects you from cold.
   It protects you from negative energy.
   It increases your rate of regeneration.
Jewellery
 i - an uncursed ring of protection from magic
 u - an uncursed ring of protection from cold
 w - a +5 ring of protection
 y - an uncursed ring of protection from magic
 A - the ring of Henotheism (right hand) {rC+ Dex+4}
   (You found it on level 5 of the Dungeon)

   [ring of dexterity]

   It affects your dexterity (+4).
   It protects you from cold.
 O - the ring of Morality {rElec MP+9 Int+5 Stlth+}
   (You found it on level 4 of the Shoals)

   [ring of intelligence]

   It affects your intelligence (+5).
   It insulates you from electricity.
   It affects your magic capacity (+9).
   It makes you more stealthy.
 T - the ring "Pejipnotee" (left hand) {rElec rF+++ MR+ AC+1 Stlth-}
   (You bought it in a shop on level 3 of the Elven Halls)

   [ring of protection]

   It affects your AC (+1).
   It renders you almost immune to fire.
   It insulates you from electricity.
   It affects your resistance to hostile enchantments.
   It makes you less stealthy.
 U - an amulet of regeneration (around neck)
 V - a +6 ring of strength
 X - a +4 amulet of reflection
Wands
 k - a wand of enslavement (6)
 s - a wand of paralysis (51)
 G - a wand of acid (4)
 K - a wand of flame (68)
 L - a wand of digging (8)
 P - a wand of iceblast (5)
 Q - a wand of polymorph (4)
 S - a wand of random effects (61)
Scrolls
 j - 3 scrolls of fog
 r - 2 scrolls of blinking
 t - 9 scrolls of teleportation
 v - 8 scrolls of magic mapping
 H - 15 scrolls of remove curse
 N - 3 scrolls of identify
 Z - 4 scrolls of enchant armour
Potions
 g - 9 potions of flight
 l - 4 potions of magic
 m - 6 potions of mutation
 q - 3 potions of lignification
 B - 5 potions of ambrosia
 D - 2 potions of cancellation
 F - 3 potions of resistance
 Y - a potion of haste
Comestibles
 f - 25 rations


   Skills:
 + Level 22.0(21.8) Fighting
 - Level 22.4(22.2) Axes
 - Level 12.0(11.9) Armour
 - Level 14.0(13.8) Dodging
 - Level 23.0(22.8) Shields
 - Level 14.1(13.9) Invocations
 - Level 15.5(15.3) Evocations


You had 22 spell levels left.
You didn't know any spells.
Your spell library contained the following spells:

 Spells                   Type           Power        Failure   Level  Hunger
 Animate Skeleton         Necr           N/A          95%         1    ##.....
 Apportation              Tloc           #.....       95%         1    ##.....
 Confusing Touch          Hex            #.....       95%         1    ##.....
 Corona                   Hex            #......      95%         1    ##.....
 Freeze                   Ice            #...         95%         1    ##.....
 Magic Dart               Conj           #...         95%         1    ##.....
 Summon Butterflies       Summ           #.......     95%         1    ##.....
 Summon Small Mammal      Summ           #...         95%         1    ##.....
 Blink                    Tloc           N/A          98%         2    ###....
 Call Imp                 Summ           #.......     98%         2    ###....
 Corpse Rot               Necr           N/A          98%         2    ###....
 Ensorcelled Hibernation  Hex/Ice        #.....       98%         2    ###....
 Searing Ray              Conj           #.....       98%         2    ###....
 Slow                     Hex            #.......     98%         2    ###....
 Sublimation of Blood     Necr           #.........   98%         2    ###....
 Throw Frost              Conj/Ice       #.....       98%         2    ###....
 Call Canine Familiar     Summ           #.......     100%        3    ####...
 Confuse                  Hex            #.......     100%        3    ####...
 Conjure Flame            Conj/Fire      #.......     100%        3    ####...
 Dazzling Spray           Conj/Hex       #.....       100%        3    ####...
 Gell's Gravitas          Tloc           #.........   100%        3    ####...
 Inner Flame              Hex/Fire       #.......     100%        3    ####...
 Mephitic Cloud           Conj/Pois/Air  #.......     100%        3    ####...
 Ozocubu's Armour         Chrm/Ice       #.......     100%        3    ####...
 Portal Projectile        Hex/Tloc       #.....       100%        3    ####...
 Recall                   Summ/Tloc      N/A          100%        3    ####...
 Spider Form              Tmut/Pois      #.........   100%        3    ####...
 Summon Guardian Golem    Hex/Summ       #.......     100%        3    ####...
 Tukima's Dance           Hex            #.......     100%        3    ####...
 Animate Dead             Necr           N/A          100%        4    #####..
 Cause Fear               Hex            #.........   100%        4    #####..
 Force Lance              Conj/Tloc      #.......     100%        4    #####..
 Fulminant Prism          Conj/Hex       #.........   100%        4    #####..
 Iskenderun's Mystic Bla  Conj           #.......     100%        4    #####..
 Leda's Liquefaction      Hex/Erth       #.........   100%        4    #####..
 Passage of Golubria      Tloc           N/A          100%        4    #####..
 Petrify                  Tmut/Erth      #.......     100%        4    #####..
 Summon Ice Beast         Ice/Summ       #.......     100%        4    #####..
 Summon Lightning Spire   Summ/Air       #.......     100%        4    #####..
 Throw Icicle             Conj/Ice       #.......     100%        4    #####..
 Agony                    Necr           #.......     100%        5    ######.
 Bolt of Draining         Conj/Necr      #.........   100%        5    ######.
 Bolt of Magma            Conj/Fire/Erth #.........   100%        5    ######.
 Borgnjor's Vile Clutch   Necr/Erth      #.........   100%        5    ######.
 Dispel Undead            Necr           #.......     100%        5    ######.
 Excruciating Wounds      Chrm/Necr      #.........   100%        5    ######.
 Iskenderun's Battlesphe  Conj/Chrm      #.......     100%        5    ######.
 Metabolic Englaciation   Hex/Ice        #.........   100%        5    ######.
 Silence                  Hex/Air        #.........   100%        5    ######.
 Summon Mana Viper        Hex/Summ       #.......     100%        5    ######.
 Venom Bolt               Conj/Pois      #.........   100%        5    ######.
 Yara's Violent Unravell  Hex/Tmut       #.........   100%        5    ######.
 Conjure Ball Lightning   Conj/Air       #.........   100%        6    #######
 Death Channel            Necr           #.........   100%        6    #######
 Deflect Missiles         Chrm/Air       #.........   100%        6    #######
 Iron Shot                Conj/Erth      #.........   100%        6    #######
 Simulacrum               Ice/Necr       #.........   100%        6    #######
 Statue Form              Tmut/Erth      #........    100%        6    #######
 Malign Gateway           Summ/Tloc      #.........   100%        7    #######
 Monstrous Menagerie      Summ           #.........   100%        7    #######
 Orb of Destruction       Conj           #.........   100%        7    #######
 Ring of Flames           Chrm/Fire      #.........   100%        7    #######
 Spellforged Servitor     Conj/Summ      #.........   100%        7    #######
 Summon Greater Demon     Summ           #.........   100%        7    #######
 Summon Hydra             Summ           #.........   100%        7    #######
 Summon Horrible Things   Summ           #.........   100%        8    #######
 Shatter                  Erth           #.........   100%        9    #######
 Tornado                  Air            #.........   100%        9    #######


Dungeon Overview and Level Annotations

Branches:
Dungeon (15/15)            Temple (1/1) D:5            Lair (6/6) D:11
 Shoals (4/4) Lair:3       Spider (4/4) Lair:3        Slime (0/5) Lair:6
    Orc (2/2) D:12            Elf (3/3) Orc:2        Vaults (5/5) D:14
  Crypt (0/3) Vaults:2     Depths (3/5) D:15

Altars:
Ashenzari
Cheibriados
Dithmenos
Elyvilon
Fedhas
Gozag
Hepliaklqana
Kikubaaqudgha
Makhleb
Nemelex Xobeh
Okawaru
Qazlal
Ru
Sif Muna
Trog
Uskayaw
Vehumet
Wu Jian
Xom
Yredelemnul
Zin
The Shining One
Beogh

Shops:
D:6 (}%   D:7 *   D:10 (([*   Orc:2 (?*(*   Elf:1 ((   Elf:3 *:=   Shoals:4 ?
Vaults:2 :   Depths:1 [   Depths:2 *

Portals:
Hell: Depths:1 Depths:2
Abyss: Depths:1
Trove: D:11 (give +2 storm dragon scales)

Annotations:
D:10 1 transporter


Innate Abilities, Weirdness & Mutations

You reflexively headbutt those who attack you in melee.
You have a pair of horns on your head.


Message History

Your body is wracked with pain!
* * * LOW HITPOINT WARNING * * *
The titan convulses!
The shadow dragon convulses!
The yaktaur captain convulses!
The deep troll convulses!
The golden dragon convulses!
The vault warden convulses!
The ogre mage convulses!
The yaktaur convulses!
The deep elf demonologist convulses!
The vault guard convulses!
The yaktaur convulses!
The vault warden convulses! x2; The yaktaur convulses!
Something closely misses you.
Unknown command.
You feel better.
The vault warden seems to regain its courage.
You block the ogre mage's attack. You block the war gargoyle's attack.
The frost giant hits you with a +0 battleaxe of freezing!
* * * LOW HITPOINT WARNING * * *
The frost giant freezes you.
* * * LOW HITPOINT WARNING * * *
The ancient lich casts a spell at you. The lance of force hits you!!!
You die...

.. #....# #9.
#....# #p..#....#
..# #...#.c..# #...
###...#.o..##...
.....o#1C..#..#
.....QcpW22..D#
#####C(C{LWc.######
....T(CC@Dc........
.......9Dp1)...$...
.......Oc{e........
....p.W......c.....
#####p....pc.######
#....D.....T.
.....#....#...p.
#$..N##....#..####
##... #....#..#


You could see 3 shadow dragons, 3 titans, a golden dragon, an ancient lich, a
Tzitzimitl, a frost giant, an Ice Fiend, a stone giant, 4 vault wardens, a tengu
reaver, a hell beast, 2 yaktaur captains, a reaper, a vault guard (fleeing), an
ogre mage, 2 deep trolls, a deep elf demonologist, 2 war gargoyles, a phantasmal
warrior, 2 ironbrand convokers, 5 yaktaurs, 2 freezing wraiths, 2 orc warriors
and a naga shaped shifter (fleeing).

Vanquished Creatures
  Mara (Vaults:4)
  Sojobo (Vaults:4)
  Frederick (Vaults:2)
  A caustic shrike (Depths:2)
  2 golden dragons (Depths:2)
  Jory (Vaults:3)
  A tentacled monstrosity (Vaults:5)
  Jorgrun (Spider:2)
  3 deep elf blademasters
  A titan (Vaults:4)
  A lich (Vaults:2)
  2 deep elf master archers (Elf:3)
  2 sphinxes
  A storm dragon (Vaults:4)
  Roxanne (Shoals:2)
  5 tengu reavers
  5 fire giants
  3 shadow dragons
  8 deep elf sorcerers
  6 ghost moths
  3 frost giants
  Louise (Elf:3)
  7 vault wardens
  5 emperor scorpions
  2 deep elf elementalists (Elf:3)
  An orc warlord (Orc:2)
  A ghoul (Vaults:2)
  17 stone giants
  2 spriggan defenders (Depths:2)
  6 entropy weavers
  20 very ugly things
  8 ironheart preservers
  4 deep elf demonologists
  9 deep elf annihilators
  Azrael (D:11)
  A spark wasp (Spider:3)
  5 deep elf death magi (Elf:3)
  13 ettins
  4 merfolk javelineers
  6 merfolk impalers
  4 great orbs of eyes
  4 jiangshi (Depths:2)
  Josephine (Orc:1)
  A fire dragon (Depths:2)
  5 ice dragons
  34 vault guards
  4 yaktaur captains
  3 deep elf high priests (Elf:3)
  5 rakshasas
  2 spriggan air magi (Depths:2)
  7 hydras
  3 merfolk avatars
  An alligator snapping turtle (Shoals:4)
  A large abomination (Elf:3)
  9 merfolk aquamancers
  45 two-headed ogres
  5 death knights
  31 dancing weapons
  10 centaur warriors
  A queen ant (Spider:1)
  2 satyrs
  A deep troll earth mage (Depths:1)
  An orc high priest (Bailey)
  5 tengu warriors
  2 hell hogs (Depths:1)
  14 ogre magi
  3 vampire magi
  5 deep troll shamans
  21 deep elf knights
  The ghost of EtherCrawl the Conjurer, a novice TrAE of Hepliaklqana (D:7)
  2 hell knights (Depths:2)
  3 iron trolls
  3 shadow wraiths
  9 wizards
  A spark wasp zombie (D:15)
  7 skeletal warriors
  An unseen horror (D:13)
  9 sea snakes
  2 flayed ghosts
  13 deep trolls
  A kraken simulacrum (Shoals:4)
  18 harpies
  3 glowing orange brains
  5 phantasmal warriors
  A necromancer (D:15)
  24 deep elf archers
  16 orb spiders
  5 ironbrand convokers
  14 orc knights
  48 ugly things
  64 deep elf magi
  35 wolf spiders
  5 orc sorcerers
  2 moths of wrath (Spider:4)
  9 cyclopes
  9 manticores
  12 fauns
  11 elephants
  5 centaur zombies
  2 salamanders (shapeshifter) (Vaults:1)
  A fire giant skeleton (D:15)
  12 merfolk sirens
  Maurice (D:8)
  A black mamba (Lair:5)
  A water nymph (shapeshifter) (Vaults:3)
  A black mamba (shapeshifter) (D:14)
  3 water nymphs
  2 torpor snails
  10 vault sentinels
  Psyche (D:11)
  2 gargoyles
  28 spiny frogs
  5 centaur skeletons
  6 demonic crawlers
  5 rime drakes
  An efreet (D:13)
  A yaktaur zombie (D:15)
  2 freezing wraiths
  12 komodo dragons
  29 yaktaurs
  21 trolls
  3 kobold demonologists
  2 jumping spiders (shapeshifter)
  25 jumping spiders
  A meliai (shapeshifter) (Vaults:2)
  2 tengu conjurers
  A polar bear (Lair:6)
  A tengu simulacrum (Vaults:3)
  13 hornets
  38 merfolk
  A queen bee (shapeshifter) (Depths:1)
  34 slime creatures
  A sphinx simulacrum (Vaults:4)
  30 blink frogs
  17 hippogriffs
  4 wind drakes
  9 tyrant leeches
  13 dream sheep
  9 snapping turtles
  A deep troll zombie (D:15)
  A stone giant simulacrum (Vaults:3)
  85 redbacks
  27 water elementals
  7 wraiths
  5 air elementals
  33 tarantellas
  67 yaks
  3 fire bats (Lair:4)
  3 wyverns
  Grum (D:8)
  7 fire elementals
  5 basilisks
  6 vampire mosquitoes (Lair:6)
  A human simulacrum (Vaults:2)
  A steam dragon (D:14)
  A hungry ghost (D:13)
  Menkaure (D:7)
  8 wargs
  2 acid dragons (D:12)
  23 soldier ants
  12 water moccasins
  9 hell hounds
  13 porcupines
  An ice beast (D:15)
  39 orc warriors
  4 black bears
  3 sky beasts
  3 necrophages
  3 phantoms (D:10)
  An ettin simulacrum (Vaults:2)
  44 ogres
  38 wolves
  6 boggarts
  20 centaurs
  12 crocodiles
  A big kobold (D:6)
  2 big kobolds (shapeshifter)
  Blork the orc (D:6)
  3 gnoll sergeants
  28 bullfrogs
  6 earth elementals
  A glowing shapeshifter simulacrum (Vaults:1)
  6 scorpions
  7 wights
  8 killer bees
  8 electric eels
  3 vampire bats (D:4)
  3 howler monkeys (D:12)
  5 crimson imps
  2 lava snakes (D:14)
  A bullfrog zombie (D:5)
  9 hounds
  9 jellies
  A bullfrog skeleton (D:12)
  18 orc priests
  Crazy Yiuf (D:2)
  29 orc wizards
  12 human skeletons (Vaults:3)
  7 iguanas
  33 worker ants
  2 hound zombies
  A hound skeleton (D:8)
  Robin (D:4)
  19 gnolls
  8 adders
  3 shadow imps
  9 oozes
  4 worms
  3 dart slugs
  6 leopard geckos
  104 orcs
  10 bats
  5 giant cockroaches
  31 goblins
  16 hobgoblins
  4 jackals
  6 quokkas
  A ball python (D:2)
  5 frilled lizards
  9 kobolds
  A leopard gecko skeleton (D:8)
  A quokka skeleton (D:6)
  A quokka zombie (D:6)
  8 rats
  A bush (Shoals:4)
  2 fungi
  10 plants
2053 creatures vanquished.

Vanquished Creatures (collateral kills)
  A wizard (Vaults:2)
1 creature vanquished.

Vanquished Creatures (others)
  A fire giant (Depths:1)
  A dancing weapon (Elf:3)
  A hell hog (Depths:1)
  2 deep elf knights (Elf:3)
  A deep elf mage (Vaults:5)
  A wind drake (Shoals:4)
  A merfolk (Shoals:4)
  A slime creature (Vaults:2)
  A redback (Spider:3)
  A water elemental (Shoals:2)
  A centaur (Vaults:4)
  An orc wizard (D:10)
  2 worker ants (Spider:1)
  15 fungi
  41 plants
  8 tentacles (Shoals:4)
79 creatures vanquished.

Grand Total: 2133 creatures vanquished

Notes
Turn   | Place    | Note
-------+----------+-------------------------------------------
     0 | D:1      | poirepourri the Minotaur Fighter began the quest for the
                  | Orb.
     0 | D:1      | Reached XP level 1. HP: 19/19 MP: 0/0
   238 | D:1      | Reached XP level 2. HP: 26/26 MP: 1/1
   826 | D:2      | Reached XP level 3. HP: 25/31 MP: 2/2
   832 | D:2      | Found an ornate altar of the Wu Jian Council.
  1066 | D:2      | Reached skill level 5 in Axes
  1139 | D:2      | Reached XP level 4. HP: 35/39 MP: 3/3
  1378 | D:2      | Found a runed translucent door.
  1379 | D:2      | Noticed Crazy Yiuf
  1551 | D:2      | Killed Crazy Yiuf
  2079 | D:3      | Reached XP level 5. HP: 40/45 MP: 4/4
  2192 | D:3      | Found a shadowy altar of Dithmenos.
  2192 | D:3      | Found an opulent altar of Gozag.
  2323 | D:4      | You fall through a shaft for 3 floors!
  2323 | D:7      | Found a snail-covered altar of Cheibriados.
  2339 | D:7      | Noticed Menkaure
  2347 | D:7      | Killed Menkaure
  2347 | D:7      | Reached XP level 6. HP: 26/51 MP: 5/5
  2632 | D:7      | Found a hazy altar of Hepliaklqana.
  2650 | D:7      | Noticed a water moccasin
  2667 | D:7      | Killed a water moccasin
  2677 | D:7      | Found a shimmering altar of Xom.
  2708 | D:7      | Found a stormy altar of Qazlal.
  2730 | D:7      | Found Ekiejar's General Store.
  2733 | D:7      | Bought 2 potions of curing for 66 gold pieces
  2767 | D:7      | Found a runed translucent gate.
  2768 | D:7      | Found a runed translucent gate.
  2769 | D:7      | Found a runed translucent gate.
  2769 | D:7      | Noticed EtherCrawl's ghost (novice TrAE)
  2797 | D:7      | Reached XP level 7. HP: 42/57 MP: 6/6
  3067 | D:8      | Noticed Grum
  3373 | D:7      | Reached skill level 10 in Axes
  3701 | D:8      | Killed Grum
  3708 | D:7      | Reached XP level 8. HP: 7/64 MP: 7/7
  4098 | D:8      | Noticed Maurice
  4545 | D:8      | Killed Maurice
  5250 | D:9      | Noticed a hippogriff
  5293 | D:7      | Killed EtherCrawl's ghost
  5293 | D:7      | Reached XP level 9. HP: 50/70 MP: 8/8
  5356 | D:6      | Found Gomy's Weapon Shoppe.
  5468 | D:5      | Entered Level 5 of the Dungeon
  5667 | D:5      | Got a faintly glowing bronze ring
  5678 | D:5      | Found a staircase to the Ecumenical Temple.
  5691 | Temple   | Entered the Ecumenical Temple
  5720 | Temple   | Became a worshipper of Warmaster Okawaru
  5859 | D:5      | Found a white marble altar of Elyvilon.
  5968 | D:6      | Found Rafofuda's Food Shop.
  6373 | D:4      | Reached skill level 15 in Axes
  6540 | D:4      | Noticed Robin
  6559 | D:4      | Killed Robin
  6790 | D:6      | Bought a ration for 60 gold pieces
  6790 | D:6      | Bought a ration for 60 gold pieces
  6859 | D:6      | Noticed Blork the orc
  6862 | D:6      | Found a shattered altar of Ashenzari.
  6878 | D:6      | Killed Blork the orc
  6953 | D:6      | Reached * piety under Okawaru
  7012 | D:6      | Found Hinaesh's Gadget Shop.
  7505 | D:8      | Identified the ring of Henotheism {rC+ Dex+4} (You found it
                  | on level 5 of the Dungeon)
  7539 | D:9      | Reached XP level 10. HP: 77/77 MP: 9/9
  7548 | D:9      | Reached ** piety under Okawaru
  7561 | D:9      | Reached skill level 5 in Fighting
  7677 | D:9      | Reached *** piety under Okawaru
  7722 | D:9      | Noticed a two-headed ogre
  7746 | D:8      | Killed a two-headed ogre
  8028 | D:9      | Reached skill level 10 in Fighting
  8232 | D:10     | Entered Level 10 of the Dungeon
  8242 | D:10     | Reached XP level 11. HP: 100/100 MP: 10/10
  8247 | D:10     | Reached **** piety under Okawaru
  8275 | D:10     | Found Nots's Antique Armour Shoppe.
  8314 | D:10     | Found Xitoym's Weapon Shoppe.
  8341 | D:10     | Bought a pair of glowing boots for 247 gold pieces
  8364 | D:10     | Found a transporter.
  8365 | D:10     | Noticed an orc sorcerer
  8367 | D:10     | Noticed a two-headed ogre
  8374 | D:10     | Found a roughly hewn altar of Beogh.
  8374 | D:10     | Found a transporter.
  8423 | D:10     | Paralysed by an orc sorcerer for 2 turns
  8433 | D:10     | Killed an orc sorcerer
  8641 | D:10     | Found Zeaha's Weapon Shop.
  8695 | D:10     | Reached ***** piety under Okawaru
  8727 | D:10     | Found a flagged portal.
  8738 | Bailey   | Entered a bailey
  8783 | Bailey   | Found an iron altar of Okawaru.
  8783 | Bailey   | Noticed an orc high priest
  8785 | Bailey   | Noticed a sixfirhy
  8800 | Bailey   | Killed an orc high priest
  8800 | Bailey   | Reached skill level 5 in Shields
  8985 | Bailey   | Noticed an orc knight
  9008 | Bailey   | Reached skill level 6 in Shields
  9010 | Bailey   | Killed an orc knight
  9096 | Bailey   | Identified the Volume of Moulding and Bewitchment
  9134 | Bailey   | Reached skill level 7 in Shields
  9169 | Bailey   | Noticed an orc knight
  9179 | Bailey   | Killed an orc knight
  9316 | Bailey   | Got a jewelled plate armour
  9346 | D:10     | Identified the +5 plate armour of Yrha {rElec rF++ Dex-4}
                  | (You found it in a bailey)
  9417 | D:10     | Reached skill level 8 in Shields
  9509 | D:10     | Found Ilis's General Store.
  9534 | D:10     | Received a gift from Okawaru
  9885 | D:11     | Reached skill level 9 in Shields
  9917 | D:11     | Reached XP level 12. HP: 84/113 MP: 11/11
  9932 | D:11     | Found a staircase to the Lair.
  9939 | D:11     | Reached skill level 10 in Shields
 10413 | D:11     | Noticed Psyche
 10419 | D:11     | Killed Psyche
 10674 | D:11     | Found a portal to a secret trove of treasure.
 10864 | D:12     | Noticed Azrael
 10871 | D:11     | Reached skill level 11 in Shields
 10911 | D:12     | Received a gift from Okawaru
 10933 | D:11     | Killed Azrael
 11194 | D:12     | Reached skill level 12 in Shields
 11283 | D:12     | Reached skill level 13 in Shields
 11305 | D:12     | Found a staircase to the Orcish Mines.
 11339 | D:12     | Noticed a two-headed ogre
 11345 | D:12     | Killed a two-headed ogre
 11408 | D:12     | Noticed a seven-headed hydra
 11415 | D:12     | Killed a seven-headed hydra
 11452 | D:12     | Reached skill level 14 in Shields
 11913 | D:13     | Received a gift from Okawaru
 12114 | D:13     | Reached skill level 15 in Shields
 12235 | D:13     | Reached XP level 13. HP: 119/119 MP: 12/12
 12375 | D:13     | Reached skill level 5 in Armour
 12537 | D:13     | Found a shattered altar of Ashenzari.
 12590 | D:13     | Reached skill level 1 in Dodging
 13108 | D:14     | Found a gate to the Vaults.
 13142 | D:14     | Reached skill level 5 in Dodging
 13167 | D:14     | Received a gift from Okawaru
 13331 | D:14     | Reached ****** piety under Okawaru
 13847 | D:14     | Reached skill level 10 in Dodging
 13919 | D:14     | Got a crude chain mail
 13930 | D:14     | Identified the +1 chain mail of Undesirable Species {rF+
                  | MR+ Int-5 Dex+2} (You found it on level 14 of the Dungeon)
 13990 | D:14     | Reached XP level 14. HP: 124/127 MP: 13/13
 14326 | D:15     | Entered Level 15 of the Dungeon
 14326 | D:15     | Found a staircase to the Depths.
 14713 | D:15     | Received a gift from Okawaru
 14912 | D:15     | Found the +5 demon whip "Spellbinder" {antimagic, MR+}
 15458 | Lair:1   | Entered Level 1 of the Lair of Beasts
 15888 | Lair:1   | Reached skill level 1 in Invocations
 15943 | Lair:1   | Identified Sif Muna's Papyrus of Dislocated Unholy Magic
 16457 | Lair:2   | Reached skill level 5 in Invocations
 16529 | Lair:2   | Received a gift from Okawaru
 16806 | Lair:3   | Got a scorched ring mail
 16818 | Lair:3   | Identified the +4 ring mail of Vynko {rC+} (You found it on
                  | level 3 of the Lair of Beasts)
 17081 | Lair:3   | Found a hole to the Spider Nest.
 17107 | Lair:3   | Received a gift from Okawaru
 17125 | Lair:3   | Reached XP level 15. HP: 138/138 MP: 19/19
 17400 | Lair:3   | Found a staircase to the Shoals.
 18018 | Lair:4   | Found a dark tunnel.
 18752 | Lair:5   | Reached skill level 10 in Invocations
 18887 | Lair:5   | Received a gift from Okawaru
 19317 | D:12     | Got a warped scale mail {god gift}
 19328 | D:12     | Identified the +7 scale mail "Josop" {Int+3} (Okawaru
                  | gifted it to you on level 12 of the Dungeon)
 19459 | Lair:6   | Entered Level 6 of the Lair of Beasts
 19869 | Lair:6   | Found a staircase to the Slime Pits.
 20192 | Lair:6   | Reached skill level 1 in Evocations
 20792 | Orc:1    | Entered Level 1 of the Orcish Mines
 20819 | Orc:1    | Found a roughly hewn altar of Beogh.
 20826 | Orc:1    | Noticed Josephine
 20838 | Orc:1    | Killed Josephine
 20838 | Orc:1    | Received a gift from Okawaru
 21125 | Orc:1    | Found a deep blue altar of Sif Muna.
 21382 | Orc:2    | Entered Level 2 of the Orcish Mines
 21400 | Orc:2    | Received a gift from Okawaru
 21408 | Orc:2    | Reached XP level 16. HP: 146/146 MP: 24/24
 21412 | Orc:2    | Reached skill level 5 in Evocations
 21432 | Orc:2    | Found Berphe Oklo's Assorted Antiques.
 21552 | Orc:2    | Found Migrapp's Weapon Emporium.
 21624 | Orc:2    | Found Xien's General Store.
 21627 | Orc:2    | Bought a potion of heal wounds for 175 gold pieces
 21629 | Orc:2    | Found Waanes's Magic Scroll Shoppe.
 21630 | Orc:2    | Found Asumo's Weapon Shoppe.
 21638 | Orc:2    | Bought a scroll of blinking for 75 gold pieces
 21682 | Orc:2    | Found a staircase to the Elven Halls.
 21702 | Orc:2    | Bought a scroll of acquirement for 832 gold pieces
 21702 | Orc:2    | Bought a scroll of enchant armour for 120 gold pieces
 21702 | Orc:2    | Bought a scroll of enchant weapon for 120 gold pieces
 21704 | Orc:2    | Found the +3 warlock's mirror {reflect}
 22229 | Spider:1 | Entered Level 1 of the Spider Nest
 22271 | Spider:1 | Received a gift from Okawaru
 22938 | Spider:1 | Reached skill level 10 in Evocations
 23472 | Spider:1 | Received a gift from Okawaru
 24292 | Spider:2 | Reached XP level 17. HP: 75/152 MP: 4/25
 24457 | Spider:2 | Noticed Jorgrun
 24460 | Spider:2 | Got a bloodstained ring mail
 24461 | Spider:2 | Identified the +0 ring mail of Miracles {+Blink rPois} (You
                  | found it on level 2 of the Spider Nest)
 24470 | Spider:2 | Killed Jorgrun
 25507 | Spider:3 | Received a gift from Okawaru
 25966 | Spider:4 | Entered Level 4 of the Spider Nest
 26014 | Spider:4 | Received a gift from Okawaru
 26665 | Spider:4 | Received a gift from Okawaru
 27265 | Spider:4 | Got a gossamer rune of Zot
 27772 | Shoals:1 | Entered Level 1 of the Shoals
 27780 | Shoals:1 | Reached skill level 15 in Evocations
 27902 | Shoals:1 | Received a gift from Okawaru
 28286 | Shoals:1 | Reached XP level 18. HP: 156/160 MP: 28/28
 28529 | Shoals:2 | Identified the cursed +0 scale mail of Protective Custody
                  | {+Fly Int+4} (You found it on level 2 of the Shoals)
 28533 | Shoals:2 | Got a crude jade amulet
 28534 | Shoals:2 | Identified the amulet "Wiadyng" {+Rage Int+2} (You acquired
                  | it on level 2 of the Shoals)
 29158 | Shoals:2 | Identified Roxanne's Volume of Transmutation
 29158 | Shoals:2 | Noticed Roxanne
 29183 | Shoals:2 | Killed Roxanne
 29369 | Lair:2   | Got a scorched hand axe {god gift}
 29370 | Lair:2   | Identified the +3 hand axe of World Downfall {protect,
                  | rElec rN+ Str+2 Stlth+} (Okawaru gifted it to you on level
                  | 2 of the Lair of Beasts)
 29753 | Shoals:3 | Found an ornate altar of the Wu Jian Council.
 30251 | Shoals:4 | Entered Level 4 of the Shoals
 30259 | Shoals:4 | Received a gift from Okawaru
 30372 | Shoals:4 | Got an ancient iron ring
 30373 | Shoals:4 | Found Maasoyx's Magic Scroll Emporium.
 30434 | Shoals:4 | Bought a scroll of enchant weapon for 82 gold pieces
 31417 | Shoals:4 | Got a barnacled rune of Zot
 32226 | Depths:1 | Entered Level 1 of the Depths
 32360 | Depths:1 | Received a gift from Okawaru
 32608 | Depths:1 | Found a one-way gate to the infinite horrors of the Abyss.
 32678 | Depths:1 | Reached XP level 19. HP: 37/167 MP: 29/29
 33074 | Vaults:1 | Entered Level 1 of the Vaults
 33312 | Vaults:1 | Identified the ring of Morality {rElec MP+9 Int+5 Stlth+}
                  | (You found it on level 4 of the Shoals)
 33769 | Vaults:1 | Paralysed by an ogre mage for 5 turns
 34050 | Vaults:1 | Got a warped battleaxe
 34058 | Vaults:1 | Identified the +0 battleaxe of Montuomi {holy, Str+5} (You
                  | found it on level 1 of the Vaults)
 34162 | Vaults:1 | Received a gift from Okawaru
 34177 | Vaults:1 | Reached skill level 10 in Armour
 34297 | Vaults:2 | Found Soudoj's Book Shop.
 34331 | Vaults:2 | Noticed Frederick
 34343 | Vaults:2 | Killed Frederick
 34414 | Vaults:2 | Found a staircase to the Crypt.
 34653 | Vaults:2 | Received a gift from Okawaru
 34678 | Vaults:2 | Got a pair of dazzling gloves {god gift}
 34689 | Vaults:2 | Identified the +3 pair of gloves of Xohecw {rN+} (Okawaru
                  | gifted it to you on level 2 of the Vaults)
 34726 | Vaults:2 | Reached skill level 15 in Fighting
 35140 | Vaults:2 | Cast into level 3 of the Abyss (a wizard)
 35171 | Vaults:2 | Escaped the Abyss
 35460 | Vaults:2 | Found a radiant altar of Vehumet.
 35461 | Vaults:2 | Found the +5 robe of Misfortune {*Contam Harm *Corrode
                  | *Drain *Slow EV+5}
 35477 | Vaults:2 | Got a fine hat
 35500 | Vaults:2 | Identified the +0 hat of Elin {rN+} (You found it on level
                  | 2 of the Vaults)
 36124 | Vaults:3 | Received a gift from Okawaru
 36307 | Vaults:3 | Reached XP level 20. HP: 177/180 MP: 30/30
 36375 | Vaults:3 | Noticed Jory
 36877 | Vaults:3 | Killed Jory
 39051 | Vaults:4 | Reached skill level 16 in Shields
 39192 | Vaults:4 | Found the +9 heavy crossbow "Sniper" {velocity, Acc+∞ SInv}
 39310 | Vaults:4 | Received a gift from Okawaru
 39480 | Vaults:4 | Noticed Sojobo
 39500 | Vaults:4 | Reached skill level 17 in Shields
 39533 | Vaults:4 | Noticed Mara
 39984 | Vaults:4 | Reached skill level 18 in Shields
 40057 | Vaults:4 | Killed Sojobo
 40057 | Vaults:4 | Received a gift from Okawaru
 40057 | Vaults:4 | Reached skill level 19 in Shields
 40063 | Vaults:4 | Identified the +2 ring mail "Qahaqueh" {rPois rF- Str+2}
                  | (Okawaru gifted it to you on level 4 of the Vaults)
 40155 | Vaults:4 | Noticed poirepourri's illusion
 40211 | Vaults:4 | HP: 7/180 [Mara/bolt of fire (46)]
 40213 | Vaults:4 | Noticed poirepourri's illusion
 40674 | Vaults:4 | Paralysed by an ogre mage for 4 turns
 40815 | Vaults:4 | Reached skill level 20 in Shields
 41064 | Vaults:4 | Noticed poirepourri's illusion
 41115 | Vaults:4 | Reached XP level 21. HP: 113/188 MP: 31/31
 41567 | Vaults:4 | Killed Mara
 41870 | Vaults:5 | Entered Level 5 of the Vaults
 42141 | Elf:1    | Entered Level 1 of the Elven Halls
 42584 | Elf:1    | Reached skill level 21 in Shields
 42768 | Elf:1    | Found Lifukh's Weapon Shoppe.
 42768 | Elf:1    | Found Xunocot's Weapon Emporium.
 42887 | Elf:1    | Received a gift from Okawaru
 43054 | Elf:2    | Found a runed translucent gate.
 43056 | Elf:2    | Found a runed translucent gate.
 43057 | Elf:2    | Found a runed translucent gate.
 43521 | Elf:2    | Identified Dioluag's Collected Works on Torrid Stones
 43705 | Elf:2    | Reached skill level 22 in Shields
 43867 | Elf:2    | Received a gift from Okawaru
 43878 | Elf:2    | Got a bloodstained shield {god gift}
 43909 | Elf:2    | Identified the +0 shield "Byqiraps" {*Corrode rPois MR++
                  | Regen+} (Okawaru gifted it to you on level 2 of the Elven
                  | Halls)
 44118 | Elf:3    | Entered Level 3 of the Elven Halls
 44118 | Elf:3    | Found Odestrott's Book Shop.
 44146 | Elf:3    | Found Rihim's Jewellery Shop.
 44173 | Elf:3    | Bought the ring "Pejipnotee" {rElec rF+++ MR+ AC+1 Stlth-}
                  | for 955 gold pieces
 44173 | Elf:3    | Bought an uncursed amulet of regeneration for 510 gold
                  | pieces
 44173 | Elf:3    | Bought a +4 amulet of reflection for 459 gold pieces
 44209 | Elf:3    | Found Fiwatesoex's General Store.
 44263 | Elf:3    | Noticed Louise
 44286 | Elf:3    | Killed Louise
 44635 | Elf:3    | Reached skill level 23 in Shields
 44847 | Elf:3    | Identified the ring of Qaun {rF- rC+++ rN+ MR+++ Int-2}
 44965 | Elf:3    | Received a gift from Okawaru
 44965 | Elf:3    | Reached XP level 22. HP: 195/195 MP: 32/32
 45028 | Elf:3    | Identified the ring of Menus {rF++ MR+}
 45165 | Elf:3    | Got an encrusted hand crossbow
 45174 | Elf:3    | Identified the +7 hand crossbow of Sulphur {elec, Stlth+}
                  | (You found it on level 3 of the Elven Halls)
 45317 | Elf:3    | Found the +0 Maxwell's etheric cage {RegenMP+ *Contam rElec
                  | MP+4}
 46102 | Vaults:5 | Received a gift from Okawaru
 47065 | Depths:1 | Found Ulass's Antique Armour Emporium.
 47077 | Depths:1 | Bought an encrusted chain mail for 323 gold pieces
 47077 | Depths:1 | Identified the +10 chain mail "Faeguret" {rC+ rN+ Regen+
                  | Dex+2} (You bought it in a shop on level 1 of the Depths)
 47225 | Depths:1 | Found a gateway to Hell.
 47649 | Depths:2 | Found Kus Nikeu's General Store.
 47793 | Depths:2 | Received a gift from Okawaru
 48243 | Depths:2 | Reached XP level 23. HP: 192/216 MP: 33/33
 48325 | Depths:2 | Noticed a caustic shrike
 48326 | Depths:2 | Found a runed translucent door.
 48326 | Depths:2 | Found a runed translucent door.
 48328 | Depths:2 | Found a runed translucent door.
 48800 | Depths:2 | Killed a caustic shrike
 49714 | Depths:2 | Received a gift from Okawaru
 50126 | Vaults:5 | Noticed an ancient lich
 50135 | Vaults:5 | Noticed an ancient lich
 50157 | Vaults:5 | Killed from afar by an ancient lich

Skill      XL: |  1  2  3  4  5  6  7  8  9 10 11 12 13 14 15 16 17 18 19 20 21 22 23 |
---------------+----------------------------------------------------------------------+-----
Axes           | 3 4 5 6 7 9 11 14 16 17 21 22 | 22.4
Fighting       | 10 12 14 16 20 22 | 22.0
Shields        | 9 15 20 23 | 23.0
Armour         | 4 7 12 | 12.0
Dodging        | 10 12 13 14 | 14.0
Invocations    | 7 12 14 | 14.1
Evocations     | 4 11 15 | 15.5

Action                   |  1- 3 |  4- 6 |  7- 9 | 10-12 | 13-15 | 16-18 | 19-21 | 22-24 || total
-------------------------+-------+-------+-------+-------+-------+-------+-------+-------++-------
Melee: War axe           |    76 |    90 |   288 |   676 |  1364 |  1891 |  1992 |   846 ||  7223
       Headbutt          |    12 |    12 |    59 |   178 |   370 |   610 |   633 |   313 ||  2187
Throw: Javelin           |       |       |       |       |       |     3 |     3 |       ||     6
       Throwing net      |       |       |       |       |       |       |     1 |       ||     1
Evoke: Wand              |       |       |       |     7 |    13 |    18 |    23 |       ||    61
       Phantom mirror    |       |       |       |       |       |       |     1 |       ||     1
  Use: Scroll            |     9 |     5 |     9 |    13 |    16 |    20 |    16 |     8 ||    96
       Potion            |     2 |     1 |     4 |     8 |     2 |    14 |    11 |     3 ||    45
 Stab: Invisible         |       |     1 |       |       |       |       |       |       ||     1
       Paralysed         |       |       |       |       |     3 |       |       |       ||     3
       Distracted        |       |       |       |       |       |     1 |     1 |     1 ||     3
       Held in net/web   |       |       |       |       |       |     2 |       |       ||     2
       Sleeping          |       |       |       |       |       |       |     1 |       ||     1
  Eat: Ration            |     2 |       |     5 |     5 |    14 |    11 |    15 |     4 ||    56
       Chunk             |       |       |       |       |       |       |     1 |     1 ||     2
Armor: Scale mail        |    32 |    31 |   121 |   191 |    78 |   673 |   387 |   148 ||  1661
       Skin              |       |       |       |     3 |    38 |       |       |    69 ||   110
       Ring mail         |       |       |       |    46 |       |       |       |       ||    46
       Plate armour      |       |       |       |     7 |   259 |       |       |       ||   266
       Chain mail        |       |       |       |       |       |       |       |   157 ||   157
Dodge: Dodged            |    15 |    25 |    76 |   179 |   427 |  1177 |   738 |   441 ||  3078
Block: Shield            |    38 |    40 |   128 |   328 |  1055 |  1892 |  1479 |   897 ||  5857
